 Dungeon Crawl Stone Soup version 0.24-b1-30-g840c9efd86 (webtiles) character file.

Game seed: 12118550315506853741, levelgen mode: deterministic

192 Esekla the Magician (level 5, 0/28 HPs)
             Began as a Deep Elf Wizard on Oct 23, 2019.
             Was an Initiate of Ashenzari.
             Slain by an adder (5 damage)
             ... on level 3 of the Dungeon.
             The game lasted 00:22:04 (2654 turns).

Esekla the Magician (Deep Elf Wizard)               Turns: 2654, Time: 00:22:04

Health: 0/28       AC:  3    Str:  9    XL:     5   Next: 42%
Magic:  2/15       EV: 12    Int: 23    God:    Ashenzari [......]
Gold:   63         SH:  6    Dex: 13    Spells: 6/15 levels left

rFire    . . .     SeeInvis .   p - +0 long sword
rCold    . . .     Gourm    .   b - +2 buckler
rNeg     . . .     Faith    .   a - +0 robe
rPois    .         Spirit   .   g - +0 helmet
rElec    .         Reflect  .   (no cloak)
rCorr    .         Harm     .   (no gloves)
MR       .....                  (no boots)
Stlth    ++........             (no amulet)
HPRegen  0.09/turn              h - +4 ring of strength
MPRegen  0.14/turn              (no ring)

@: lethally poisoned (0 -> -4)
A: no striking features
a: Curse Item, Renounce Religion


You were on level 3 of the Dungeon.
You worshipped Ashenzari.
Ashenzari was noncommittal.
You were hungry.

You visited 1 branch of the dungeon, and saw 3 of its levels.

You collected 63 gold pieces.

Inventory:

Hand Weapons
 e - a +0 spear
 p - a +0 long sword (weapon)
 t - a +0 short sword
Missiles
 n - 9 boomerangs
 q - 23 poisoned darts (quivered)
Armour
 a - a +0 robe (worn)
 b - a +2 buckler (worn)
 g - a +0 helmet (worn)
Jewellery
 h - a +4 ring of strength (left hand)
 r - an uncursed ring of fire
Scrolls
 c - a scroll of immolation {unknown}
 j - 3 scrolls of remove curse
 m - a scroll of fog {unknown}
 o - 2 scrolls of fear {unknown}
 s - a scroll of amnesia {unknown}
Potions
 f - a potion of flight {unknown}
 i - 2 potions of curing
 k - 2 potions of heal wounds {unknown}
 l - a potion of haste {unknown}
Comestibles
 d - 4 rations


   Skills:
 + Level 3.0 Dodging
 + Level 2.9 Stealth
 * Level 1.3 Shields
 + Level 5.5 Spellcasting
 * Level 3.2 Conjurations
   Level 1.1 Summonings
 * Level 2.0 Translocations
 * Level 0.9 Air Magic
 * Level 0.8 Poison Magic


You had 6 spell levels left.
You knew the following spells:

 Your Spells              Type           Power        Failure   Level  Hunger
a - Magic Dart            Conj           ###.         3%          1    None
b - Blink                 Tloc           N/A          9%          2    None
c - Mephitic Cloud        Conj/Pois/Air  ##......     19%         3    ##.....
f - Conjure Flame         Conj/Fire      ##......     19%         3    ##.....

Your spell library contained the following spells:

 Spells                   Type           Power        Failure   Level  Hunger
 Call Imp                 Summ           ##......     12%         2    None
 Slow                     Hex            #.......     19%         2    None


Dungeon Overview and Level Annotations

Branches:
Dungeon (3/15)

Altars:
Ashenzari


Message History

You are poisoned.
The adder poisons you!
Casting: Magic Dart (safe; 3% risk of failure)
Confirm with . or Enter, or press ? or * to list all spells.
Aiming: Magic Dart (safe; 3% risk of failure)
Press: ? - help, Shift-Dir - straight line, f/p - adder
Aim: an adder (lightly wounded)
The magic dart hits the adder.
The adder is moderately wounded.
You feel sick. The adder bites you.
* * * LOW HITPOINT WARNING * * *
Casting: Magic Dart (safe; 3% risk of failure)
Confirm with . or Enter, or press ? or * to list all spells.
Aiming: Magic Dart (safe; 3% risk of failure)
Press: ? - help, Shift-Dir - straight line, f/p - adder
Aim: an adder (moderately wounded)
The magic dart hits the adder.
The adder is severely wounded.
The adder bites you.
You die...

....###.#######.###
...................
...###.###.#.#.##
#.# #)#.# #######.#
#.#.# ........#
#)#.#
........###.#.#
...........)#.#
...#
........###.#@#
#..# ........#
#.S.# #..#
........# #)###
#..# ........# #.#
#..# ........# #.#
..# # ........# #.#
#.####.#.# .#'####
#.# #..o..<..# #.#
!....$.#### #.#
....[..


You could see an adder.

Vanquished Creatures
  Natasha (D:2)
  An orc wizard (D:2)
  4 adders
  4 gnolls (D:2)
  3 worms
  A dart slug (D:2)
  4 leopard geckos
  5 orcs
  8 bats
  2 giant cockroaches (D:3)
  3 goblins
  5 hobgoblins
  3 jackals (D:1)
  2 quokkas (D:3)
  5 frilled lizards
  3 kobolds
  4 rats
58 creatures vanquished.

Notes
Turn   | Place    | Note
-------+----------+-------------------------------------------
     0 | D:1      | Esekla the Deep Elf Wizard began the quest for the Orb.
     0 | D:1      | Reached XP level 1. HP: 10/10 MP: 7/7
   217 | D:1      | Reached XP level 2. HP: 11/15 MP: 1/9
   221 | D:1      | Learned a level 2 spell: Blink
   311 | D:1      | Reached skill level 5 in Spellcasting
   491 | D:1      | Found a shattered altar of Ashenzari.
   497 | D:1      | Became a worshipper of Ashenzari the Shackled
   880 | D:1      | Reached XP level 3. HP: 19/19 MP: 7/11
   885 | D:1      | Learned a level 3 spell: Mephitic Cloud
   889 | D:1      | Learned a level 3 spell: Conjure Flame
  1252 | D:2      | Noticed Natasha
  1260 | D:2      | Killed Natasha
  1260 | D:2      | Reached XP level 4. HP: 13/24 MP: 7/13
  1526 | D:2      | Reached skill level 1 in Shields
  1816 | D:2      | Reached XP level 5. HP: 24/28 MP: 8/15
  2654 | D:3      | Slain by an adder

Skill      XL: |  1  2  3  4  5 |
---------------+----------------+-----
Spellcasting   | 5 |  5.5
Conjurations   | 2 3 |  3.2
Shields        | 1 |  1.3
Translocations | 2 |  2.0
Dodging        | 3 |  3.0
Stealth        | |  2.9
Summonings     | |  1.1
Air Magic      | |  0.9
Poison Magic   | |  0.8

Action                   |  1- 3 |  4- 6 || total
-------------------------+-------+-------++-------
Melee: Spear             |    33 |    25 ||    58
       Dagger            |       |    24 ||    24
       Long sword        |       |    12 ||    12
       Short sword       |       |     8 ||     8
Throw: Dart              |       |     3 ||     3
 Cast: Magic Dart        |    58 |    64 ||   122
       Mephitic Cloud    |     3 |     7 ||    10
       Blink             |       |     3 ||     3
       Conjure Flame     |       |     3 ||     3
 Stab: Sleeping          |     4 |       ||     4
       Confused          |       |     3 ||     3
  Eat: Chunk             |       |     5 ||     5
Armor: Robe              |    10 |     9 ||    19
Dodge: Dodged            |    41 |    39 ||    80
Block: Buckler           |     8 |    15 ||    23
       Rpst.: Long sword |       |     4 ||     4
